 Dungeon Crawl Stone Soup version 0.30-a0-748-ge6a52f7cba (webtiles) character file.

Game seed: 15378420565604510119

61 hbarley the Shield-Bearer (level 4, -11/40 HPs)
             Began as a Hill Orc Fighter on Feb 8, 2023.
             Splashed by a jelly's acid (12 damage)
             ... on level 2 of the Dungeon.
             The game lasted 00:02:00 (1078 turns).

hbarley the Shield-Bearer (Hill Orc Fighter)        Turns: 1078, Time: 00:02:00

Health: -11/40     AC:  4    Str: 18    XL:     4   Next: 7%
Magic:  4/4        EV:  9    Int:  8    God:
Gold:   192        SH:  5    Dex: 12    Spells: 3/3 levels left

rFire   . . .      SeeInvis .    a - +0 war axe
rCold   . . .      Faith    .    c - +0 buckler
rNeg    . . .      Spirit   .    b - +0 scale mail
rPois   .          Reflect  .    (no helmet)
rElec   .          Harm     .    j - +0 cloak
rCorr   .          Rampage  .    (no gloves)
Will    +....                    (no boots) Stlth
                                 (no amulet)
HPRegen 0.26/turn                h - ring of willpower
MPRegen 0.09/turn                (no ring)

@: corroded
A: no striking features
a: no special abilities


You were on level 2 of the Dungeon.
You visited 1 branch of the dungeon, and saw 2 of its levels.

You collected 192 gold pieces.

Inventory:

Hand Weapons
 a - a +0 war axe (weapon)
Armour
 b - a +0 scale mail (worn)
 c - a +0 buckler (worn)
 j - a +0 cloak (worn)
Jewellery
 h - a ring of willpower (left hand)
Scrolls
 e - 2 scrolls of identify {unknown}
 f - a scroll of noise {unknown}
 g - 4 scrolls of magic mapping {unknown}
 i - a scroll of teleportation {unknown}
 k - a scroll of fear {unknown}
 l - a scroll of poison {unknown}
Potions
 d - a potion of might


   Skills:
 + Level 3.9 Fighting
 + Level 3.4 Axes
 + Level 4.0 Armour
 + Level 0.2 Dodging
 + Level 4.1 Shields


You had 3 spell levels left.
You didn't know any spells.
Your spell library contained the following spells:

 Spells                   Type           Power      Damage    Failure   Level
 Ignite Poison            Fire/Tmut/Pois 0%         N/A       99%         3
 Kindle Blastsparks       Fire/Tloc/Air  0%         2d10      99%         3
 Cause Fear               Hex            0%         N/A       100%        4
 Freezing Cloud           Conj/Ice/Air   0%         6-21      100%        5
 Dragon Form              Tmut           0%         N/A       100%        7
 Dragon's Call            Summ           0%         N/A       100%        9


Dungeon Overview and Level Annotations

Branches:
Dungeon (2/15)

Altars:


Message History

The endoplasm freezes you.
You are frozen.
The endoplasm hits you.
Something hits the fungus. x2
The endoplasm hits you.
You hit the jelly but do no damage.
Your hands burn!
You hit the fungus but do no damage. You hit the endoplasm.
You slash the jelly!
Your hands burn!
A nearby fungus withers and dies. x3
The endoplasm freezes you.
You are frozen.
The jelly barely misses you. x2
You slash the jelly!
Your hands burn!
The jelly is heavily wounded.
You hit the endoplasm.
You kill the endoplasm!
You hit the jelly.
Your hands burn!
You hit the jelly.
Your hands burn!
* * * LOW HITPOINT WARNING * * *
A nearby fungus withers and dies.
The jelly hits you but does no damage. You block the jelly's attack.
The jelly hits you but does no damage.
You barely miss the jelly.
The jelly is heavily wounded.
You hit the jelly.
Your hands burn!
* * * LOW HITPOINT WARNING * * *
You barely miss the endoplasm. You hit the jelly.
Your hands burn!
* * * LOW HITPOINT WARNING * * *
A nearby fungus withers and dies.
The jelly barely misses you. x2
The endoplasm hits you.
* * * LOW HITPOINT WARNING * * *
The jelly closely misses you. The jelly hits you but does no damage.
The jelly barely misses you. The jelly hits you but does no damage.
The endoplasm hits you but does no damage.
You slash the jelly!
You kill the jelly!
You slash the jelly!
You kill the jelly!
You hit the jelly.
Your hands burn!
* * * LOW HITPOINT WARNING * * *
You slash the endoplasm!
You kill the endoplasm!
The jelly hits you.
* * * LOW HITPOINT WARNING * * *
The acid corrodes you!
You are splashed with acid!
You die...

#.# #####...........#
#.# #........#..# #.#
#........##.# #.#
#........##.. #.#
#........#### ###.#
########## #...# #.###
######## ##.#
##########@.J...#
#..###......##'J.J.P.#
#..##.......#.#J..÷..#
#..'........#.#J.P...#
#..'))))....#)#J.....#
##.'.)....#'#.#.PP.P÷#
#.##..)..#.#.#.....÷#
#####....#.#.#......#
#######.##.....$#


You could see a jelly and 5 endoplasms.

Vanquished Creatures
  2 jellies (D:2)
  2 adders (D:2)
  A gnoll (D:1)
  2 ball pythons (D:1)
  A bat (D:1)
  8 endoplasms
  2 goblins (D:1)
  A hobgoblin (D:1)
  4 jackals (D:1)
  A quokka (D:1)
  A frilled lizard (D:2)
  7 kobolds (D:2)
  A rat (D:1)
33 creatures vanquished.

Vanquished Creatures (others)
  5 fungi (D:2)
  6 toadstools (D:2)
11 creatures vanquished.

Grand Total: 44 creatures vanquished

Notes
Turn   | Place    | Note
-------+----------+-------------------------------------------
     0 | D:1      | hbarley the Hill Orc Fighter began the quest for the Orb.
     0 | D:1      | Reached XP level 1. HP: 19/19 MP: 1/1
    21 | D:1      | Reached XP level 2. HP: 8/27 MP: 2/2
   506 | D:1      | Reached XP level 3. HP: 33/33 MP: 3/3
  1042 | D:2      | Reached XP level 4. HP: 38/40 MP: 4/4
  1078 | D:2      | HP: 2/40 [acid (5)]
  1078 | D:2      | Splashed by a jelly's acid

Illustrated notes

Levels and vault maps discovered:
D:1:      dpeg_arrival_rooms_with_view, layout_loops_cross
D:2:      cheibrodos_fertilizer, layout_basic

Skill      XL: |  1  2  3  4 |
---------------+-------------+-----
Shields        | 4 |  4.1
Axes           | 3 |  3.4
Armour         | 4 |  4.0
Fighting       | |  3.9
Dodging        | |  0.2

Action                     |  1- 3 |  4- 6 || total
---------------------------+-------+-------++-------
  Melee: War axe           |    62 |     7 ||    69
 Armour: Scale mail        |    30 |     6 ||    36
  Dodge: Dodged            |    23 |     6 ||    29
  Block: Buckler           |    18 |     2 ||    20

Table legend: (Time is in decaauts)
 A = Elapsed time spent in this place.
 B = Non-inter-level travel time spent in this place.
 C = Inter-level travel time spent in this place.
 D = Time resting spent in this place.
 E = Time spent auto-exploring this place.
 F = Levels seen in this place.
 G = Mean time per level.
                   A        B        C        D        E       F      G
               +--------+--------+--------+--------+--------+-----+--------+
         Total |   1104 |   1075 |     29 |      0 |    875 |   2 |  552.0 |
       Dungeon |   1104 |   1075 |     29 |      0 |    875 |   2 |  552.0 |
               +--------+--------+--------+--------+--------+-----+--------+

Top non-repeatable levels by time:
     D:1: 773 daAuts
     D:2: 330 daAuts
